 Dungeon Crawl Stone Soup version 0.27.0-1-g7a089689b8 (webtiles) character file.

Game seed: 2736890076735477107

6 gimp the Poker (level 1, -3/12 HPs)
             Began as a Tengu Warper on Aug 7, 2021.
             Slain by a goblin (4 damage)
             ... on level 2 of the Dungeon.
             The game lasted 00:00:43 (396 turns).

gimp the Poker (Tengu Warper)                        Turns: 396, Time: 00:00:44

Health: -3/12      AC:  3    Str: 11    XL:     1   Next: 90%
Magic:  4/4        EV: 11    Int: 13    God:
Gold:   0          SH:  0    Dex: 13    Spells: 4/4 levels left

rFire    . . .     SeeInvis .   a - +0 spear
rCold    . . .     Faith    .   (no shield)
rNeg     . . .     Spirit   .   b - +0 leather armour
rPois    .         Reflect  .   (helmet restricted)
rElec    .         Harm     .   (no cloak)
rCorr    .         Rampage  .   (no gloves)
Will     .....                  (boots unavailable)
Stlth    +.........             (no amulet)
HPRegen  0.04/turn              (no ring)
MPRegen  0.09/turn              (no ring)

@: no status effects
A: beak, talons 3
a: no special abilities


You were on level 2 of the Dungeon.
You visited 1 branch of the dungeon, and saw 2 of its levels.

Inventory:

Hand Weapons
 a - a +0 spear (weapon)
Missiles
 d - 5 boomerangs of dispersal (quivered)
Armour
 b - a +0 leather armour (worn)
Scrolls
 c - a scroll of blinking


   Skills:
 + Level 2.1 Fighting
 * Level 2.6 Polearms
 - Level 1.0 Throwing
 - Level 1.1 Armour
 - Level 2.1 Dodging
 - Level 2.0 Spellcasting
 - Level 2.4 Translocations


You had 4 spell levels left.
You didn't know any spells.
Your spell library contained the following spells:

 Spells                   Type           Power      Damage    Failure   Level
 Blink                    Tloc           N/A        N/A       19%         2
 Gell's Gravitas          Tloc           3%         N/A       36%         3
 Lesser Beckoning         Tloc           3%         N/A       36%         3
 Teleport Other           Tloc           7%         N/A       36%         3
 Manifold Assault         Tloc           7%         N/A       98%         5


Dungeon Overview and Level Annotations

Branches:
Dungeon (2/15)

Altars:


Innate Abilities, Weirdness & Mutations

You have a beak for a mouth.
You have claws for feet.


Message History

The bat hits you but does no damage. The bat closely misses you.
The jackal bites you.
You take 1 damage, and have 11/12 hp.
The jackal barks!
You hear a shout!
The bat barely misses you. The jackal bites you.
You take 1 damage, and have 10/12 hp.
The jackal bites you but does no damage.
The quokka twitches its whiskers.
The quokka bites you.
You take 2 damage, and have 8/12 hp.
You closely miss the quokka. You claw the quokka.
The quokka is severely wounded.
The quokka barely misses you.
There is a stone staircase leading down here.
The quokka twitches its whiskers.
The quokka barely misses you.
You climb downwards.
A frilled lizard and a goblin come into view.
The goblin shouts!
There is a stone staircase leading up here.
You barely miss the quokka. You peck the quokka, but do no damage.
The quokka is severely wounded.
The quokka bites you. The frilled lizard closely misses you.
You take 2 damage, and have 6/12 hp.
The frilled lizard barely misses you. The quokka bites you.
You take 1 damage, and have 5/12 hp.
You aren't carrying any potions.
Unknown command.
You hit the quokka.
You kill the quokka!
You barely miss the goblin. You peck the goblin.
The goblin is severely wounded.
The goblin hits you with a +0 club.
* * * LOW HITPOINT WARNING * * *
You take 4 damage, and have 1/12 hp.
MASSIVE DAMAGE!!
You barely miss the goblin. You peck the goblin, but do no damage.
The goblin is severely wounded.
The goblin hits you with a +0 club.
You die...

### #.. #
#.# .#
###.# #.##
#...###...#
#...lg@.#
#...###...#
##.<# #.##
#..# .#
#..# # ....
.....
###..##
##.#


You could see a goblin and a frilled lizard.

Vanquished Creatures
  An endoplasm (D:1)
  A hobgoblin (D:1)
  A jackal (D:1)
  A quokka (D:2)
  A rat (D:1)
5 creatures vanquished.

Notes
Turn   | Place    | Note
-------+----------+-------------------------------------------
     0 | D:1      | gimp the Tengu Warper began the quest for the Orb.
     0 | D:1      | Reached XP level 1. HP: 12/12 MP: 4/4
   396 | D:2      | Slain by a goblin

Illustrated notes

Levels and vault maps discovered:
D:1:      onia_arrival_mini_maze, layout_basic
D:2:      layout_loops_ring, basic_altar,
          hellmonk_ecumenical_altar_pennies_from_heaven, uniq_jessica

Action                   || total
-------------------------++-------
Melee: Spear             ||    22
       Kick              ||     4
       Peck              ||     3
Armor: Leather armour    ||     7
Dodge: Dodged            ||    15
